 Dungeon Crawl Stone Soup version 0.30-a0-250-g41c1d76940 (webtiles) character file.

Game seed: 9497684451091441187

97 byup the Trooper (level 4, -3/41 HPs)
             Began as a Hill Orc Fighter on Oct 12, 2022.
             Slain by gzilladon's ghost (9 damage)
             ... on level 3 of the Dungeon.
             The game lasted 00:21:52 (2515 turns).

byup the Trooper (Hill Orc Fighter)                 Turns: 2515, Time: 00:21:53

Health: -3/41      AC: 10    Str: 20    XL:     4   Next: 68%
Magic:  4/4        EV:  7    Int:  8    God:
Gold:   117        SH:  4    Dex: 10    Spells: 3/3 levels left

rFire   . . .      SeeInvis .    a - +0 war axe
rCold   . . .      Faith    .    c - +0 buckler
rNeg    . . .      Spirit   .    p - +0 chain mail
rPois   .          Reflect  .    i - +0 helmet
rElec   .          Harm     .    (no cloak)
rCorr   .          Rampage  .    (no gloves)
Will    .....                    (no boots)
Stlth   ..........               (no amulet)
HPRegen 0.26/turn                (no ring)
MPRegen 0.09/turn                (no ring)

@: no status effects
A: no striking features
a: no special abilities


You were on level 3 of the Dungeon.
You visited 1 branch of the dungeon, and saw 3 of its levels.

You collected 137 gold pieces.
You spent 20 gold pieces at shops.

Inventory:

Hand Weapons
 a - a +0 war axe (weapon)
 o - a +0 vorpal sling
 v - a +1 flail of protection
Missiles
 d - 12 poisoned darts
 e - 22 stones (quivered)
Armour
 c - a +0 buckler (worn)
 f - a +0 ring mail
 i - a +0 helmet (worn)
 p - a +0 chain mail (worn)
 q - a +0 ring mail
Magical Staves
 s - a staff of air
Jewellery
 x - an amulet of faith
Scrolls
 h - a scroll of magic mapping {unknown}
 j - a scroll of enchant weapon {unknown}
 k - 2 scrolls of fear
 t - a scroll of identify
 u - a scroll of immolation {unknown}
Potions
 b - a potion of berserk rage {unknown}
 g - a potion of invisibility {unknown}
 l - 2 potions of brilliance
 m - 2 potions of curing {unknown}
 n - a potion of heal wounds {unknown}
 r - a potion of magic {unknown}
 w - 2 potions of might
 z - a potion of degeneration {unknown}
 A - 2 potions of lignification {unknown}


   Skills:
 + Level 4.5 Fighting
 + Level 4.0 Axes
 + Level 4.0 Armour
 + Level 0.1 Dodging
 + Level 0.1 Stealth
 + Level 3.8 Shields


You had 3 spell levels left.
You didn't know any spells.
Your spell library contained the following spells:

 Spells                   Type           Power      Damage    Failure   Level
 Dazzling Flash           Conj/Hex       0%         N/A       100%        3
 Agony                    Necr           0%         N/A       100%        5
 Silence                  Hex/Air        0%         N/A       100%        5


Dungeon Overview and Level Annotations

Branches:
Dungeon (3/15)

Altars:

Shops:
D:1 =   D:2 ?

Annotations:
D:3 gzilladon's ghost, amateur DsFi


Message History

You kill the adder!
You see here an adder corpse.
Found a stone staircase leading down.
There is a stone staircase leading down here.
e - 22 stones (gained 3)
A - 2 lumpy pink potions What are your orders? t - Shout!
Orders for allies: a - Attack new target. r - Retreat! s - Stop attacking. g - Guard the area. f - Follow me.
Anything else - Cancel.
Okay, then.
Press: ? - help, v - describe, . - travel The floor.
Press: ? - help, v - describe, . - travel The floor.
As you open the large door, it creaks loudly!
You barely miss gzilladon's ghost. Gzilladon's ghost hits you!
You hit gzilladon's ghost but do no damage.
Gzilladon's ghost hits you. x2
You hit gzilladon's ghost but do no damage.
Gzilladon's ghost hits you but does no damage.
You hit gzilladon's ghost but do no damage.
Gzilladon's ghost hits you but does no damage.
You hit gzilladon's ghost.
Gzilladon's ghost is lightly damaged.
Gzilladon's ghost closely misses you.
Gzilladon's ghost hits you but does no damage.
You barely miss gzilladon's ghost.
Gzilladon's ghost is lightly damaged.
Gzilladon's ghost hits you!
You hit gzilladon's ghost but do no damage.
Gzilladon's ghost is lightly damaged.
Gzilladon's ghost hits you!
* * * LOW HITPOINT WARNING * * *
You closely miss gzilladon's ghost.
Gzilladon's ghost is lightly damaged.
Gzilladon's ghost hits you!
You die...

#<#
##.###..#####..##.#.#....#
#.######.###..#
#.......<...##
#.............##
##.###.####..#
#.##.##..###...#
#.##..>###...
#)##.##..###.#.#
#..........#.
#............#.#
####...#####.
#.##.#...####..### ##.##
#.
#.##.#..###......#######.#
#. #.......#
#....@.........# #.
####.#.## ###'W####.######
#. #.#.# #....~..##.# #.
#.#.####.~#~⌠≈.#.# #.
#.....##~....#≈#.# ####.
#.#...#.#~.$~.##.# ##....
#.#######.#.####.# #..###
#.# ##### #)# #.## #.#
#.#####.# #.#


You could see gzilladon's ghost.

Vanquished Creatures
  3 adders
  A shadow imp (D:3)
  A dart slug (D:1)
  4 ball pythons
  6 bats
  5 endoplasms
  2 giant cockroaches (D:2)
  6 goblins
  6 hobgoblins
  2 jackals (D:3)
  5 quokkas
  2 frilled lizards
  7 kobolds
  5 rats
55 creatures vanquished.

Notes
Turn   | Place    | Note
-------+----------+-------------------------------------------
     0 | D:1      | byup the Hill Orc Fighter began the quest for the Orb.
     0 | D:1      | Reached XP level 1. HP: 19/19 MP: 1/1
   113 | D:1      | Reached XP level 2. HP: 27/27 MP: 2/2
   512 | D:1      | Reached XP level 3. HP: 32/33 MP: 3/3
   568 | D:1      | Found Zailamam's Jewellery Shoppe.
  1440 | D:2      | Found Ywysyith's Magic Scroll Emporium.
  1451 | D:2      | Bought a scroll of identify for 20 gold pieces
  1612 | D:2      | Reached XP level 4. HP: 40/40 MP: 4/4
  1717 | D:2      | Found a faded altar of an unknown god.
  1717 | D:2      | Noticed a chaos spawn
  1847 | D:3      | Found a large runed translucent door.
  1847 | D:3      | Found a large runed translucent door.
  2497 | D:3      | Noticed gzilladon's ghost (amateur DsFi)
  2515 | D:3      | Slain by gzilladon's ghost

Illustrated notes

Levels and vault maps discovered:
D:1:      roderic_chinese_lattice_arrival, layout_basic, serial_shops,
          nicolae_shop_behind_doors
D:2:      layout_basic, serial_shops, shop,
          dreamdust_ecumenical_altar_sealed_demon
D:3:      layout_loops_ring, ebering_ghost_disaster_area

Skill      XL: |  1  2  3  4 |
---------------+-------------+-----
Fighting       | 4 |  4.5
Axes           | 3 4 |  4.0
Armour         | 4 |  4.0
Dodging        | |  0.1
Stealth        | |  0.1
Shields        | |  3.8

Action                   |  1- 3 |  4- 6 || total
-------------------------+-------+-------++-------
Melee: War axe           |    87 |    67 ||   154
Throw: Stone             |     4 |       ||     4
  Use: Potion            |     1 |       ||     1
       Scroll            |     5 |       ||     5
Armor: Scale mail        |    34 |       ||    34
       Chain mail        |    12 |    41 ||    53
Dodge: Dodged            |    32 |    15 ||    47
Block: Buckler           |    15 |    12 ||    27

Table legend: (Time is in decaauts)
 A = Elapsed time spent in this place.
 B = Non-inter-level travel time spent in this place.
 C = Inter-level travel time spent in this place.
 D = Time resting spent in this place.
 E = Time spent auto-exploring this place.
 F = Levels seen in this place.
 G = Mean time per level.
                   A        B        C        D        E       F      G
               +--------+--------+--------+--------+--------+-----+--------+
         Total |   2571 |   2222 |    349 |      0 |   1554 |   3 |  857.0 |
       Dungeon |   2571 |   2222 |    349 |      0 |   1554 |   3 |  857.0 |
               +--------+--------+--------+--------+--------+-----+--------+

Top non-repeatable levels by time:
     D:1: 1166 daAuts
     D:3: 711 daAuts
     D:2: 692 daAuts
